woodfighter, chaotic female human Barbarian .........}}}}}........................................ ..........}}}}......................................... .....<...}}}}..........-----..........------------------ ..........}}}}.........-...|..........|..%)-...........|.. .........}}}}}.........|...|..........|----|^..........|.%. ..........}}}}}}}}}....-----..........+....+...........|..@ ........}}}}}}}}}}}}}.................-....-...........O%..T. ......}}}}}}}}}}}}}}}^}...%...-----...|----|%..........|.... .....}}}}}}}}}}}}}}}}}}}......-...|...|.%%%+%..........| ....}}}}}}}}}}}}}%}}}}}}}%....|...|...------------------.. ...}}}}}}}}}...)...}}}}}}}}...-----........................ ..}}}}}}}}}..#...%.}}}}}}}}}................................. ...}}}}}}}}}......}}}}}}}}}................................... ....}}}}}}^}}}}}}}}}}}}}}}........-----........................ .....}}}}}}}}}}}}}}}}}}}}.........-...|......................... ......}}}}}}}}}}}}}}}}}...........|...|......................... .........}}}}}}}}}}}}............%-----......................... ..........}}}}}}}}}............................................... `.............}}}}................................................... ...............}}}}................................................... woodfighter the Raider Experience level: 14 Strength: 18 Dexterity: 19 Constitution: 19 Intelligence: 8 Wisdom: 7 Charisma: 6 Health: 0(132) Energy: 25(25) Def: 13 Gold: 0 Moves: 18226 Dungeon seed: lBnpv_0s3XVQHUpR Game ID: woodfighter_1561307679 Your Inventory: Amulets K - an uncursed amulet versus poison (being worn) Weapons a - a blessed +1 battle-axe (weapon in hands) l - 4 blessed +2 daggers (in quiver) u - a blessed +6 elven dagger named Dagger of Carnage (alternate weapon; not wielded) Armor r - an uncursed rusty thoroughly corroded +0 orcish helm (being worn) C - an uncursed +0 dwarvish mithril-coat (being worn) U - an uncursed +0 pair of jumping boots (being worn) Y - a blessed +2 dwarvish cloak (being worn) Comestibles c - 4 uncursed food rations E - 2 uncursed cream pies Z - an uncursed lizard corpse Scrolls e - an uncursed scroll of teleportation Wands d - a wand of sleep (0:4) f - a wand of lightning (0:7) g - a wand of digging (0:7) h - a wand of teleportation (0:4) Tools b - an uncursed stethoscope q - a +0 unicorn horn s - a blessed bag of holding y - a cursed skeleton key Q - a cursed oil lamp (lit) (0:946) W - an uncursed towel Gems J - a blessed luckstone Contents of the bag of holding: 313 gold pieces an uncursed +0 mummy wrapping 2 uncursed eggs 2 uncursed sprigs of wolfsbane a [blessed] scroll of blank paper 2 [uncursed] scrolls of create monster a [cursed] scroll of destroy armor a [uncursed] scroll of enchant weapon a [blessed] scroll of teleportation a [uncursed] potion of confusion a [blessed] potion of extra healing a [uncursed] potion of gain energy a [uncursed] potion of gain level a [uncursed] potion of levitation a [uncursed] potion of paralysis a [uncursed] potion of speed a [cursed] potion of speed a [uncursed] potion of water a [uncursed] wand of digging [0:4] a [uncursed] wand of lightning [0:7] an uncursed [+0] pick-axe an uncursed [+0] unicorn horn a [uncursed] worthless piece of orange glass Spells and supernatural/magical abilities: Name Level Category Fail Memory W - pray for help -- divine ? -- Y - supernatural jump -- ability ? -- Your skills at the end: Miscellaneous Skills bare handed combat [Basic] Weapon Skills dagger [Basic] axe [Master] short sword [Basic] Spellcasting Skills Final Attributes: You were piously aligned. You were cold resistant. You were poison resistant. You saw invisible. You were telepathic. You were invisible to others. You could jump. You were protected. You were fast. You were very lucky. You had extra luck. Good luck did not time out for you. You are dead. You faced a greater challenge. Vanquished creatures: a pit fiend a vampire lord a clay golem a nurse a golden naga a black pudding 4 vampires a queen bee a winged gargoyle 2 giant mimics 3 fire giants an ogre king 6 rock trolls an umber hulk a doppelganger a large mimic 3 wumpuses a baby long worm a baby purple worm 2 long worms 4 stalkers an air elemental a fire elemental 2 giant mummies a black naga a giant zombie a sergeant 6 wargs 6 quantum mechanics 3 small mimics 3 warhorses a xan 5 trolls a wood golem a freezing sphere a flaming sphere 3 shocking spheres a large cat 2 tigers a gargoyle a tengu a gelatinous cube 2 ochre jellies 2 chameleons 2 leocrottas 2 energy vortices 2 elf mummies 2 human mummies 2 pit vipers a python 5 wraiths an ettin zombie 7 soldiers an incubus 4 giant beetles 4 cockatrices 12 wolves 3 winter wolf cubs 2 black lights a lynx 5 leprechauns 3 quivering blobs 3 lizards 4 mountain nymphs an orc-captain a mumak 3 giant spiders 4 scorpions 2 iron piercers 3 horses 3 ice vortices 4 vampire bats 4 gnome kings 2 orc mummies 6 dwarf mummies 28 ogres a brown pudding an owlbear 2 yetis a gold golem a piranha a giant eel a chickatrice a dog a dingo 3 jaguars 4 dwarf lords a blue jelly 2 white unicorns a dust vortex 3 ravens 4 plains centaurs 3 gnome mummies 2 Woodland-elves 13 apes 5 human zombies a rope golem 8 soldier ants 6 fire ants 12 bugbears 10 Mordor orcs 11 Uruk-hai 14 orc shamans a rock mole 4 rock piercers a pony 5 fog clouds a shrieker 4 violet fungi 21 gnome lords 7 gnomish wizards 2 kobold mummies a black naga hatchling 2 gray oozes a barrow wight an elf zombie 2 ghouls 4 straw golems 2 paper golems 3 jellyfish 9 giant ants 3 puppies 7 floating eyes 3 kittens 21 dwarves 2 homunculi 2 kobold lords 8 iguanas 19 hill orcs 6 rothes a rabid rat 5 jitterbugs 6 giant bats 2 monkeys 6 orc zombies a dwarf zombie a wererat a werejackal 53 killer bees 4 coyotes a gas spore 8 hobbits 4 acid blobs 5 large kobolds 8 geckos 18 hobgoblins 6 giant rats 5 cave spiders a brown mold 8 yellow molds a green mold 3 red molds 59 gnomes 2 garter snakes 2 gnome zombies 6 jackals 2 foxes 3 newts 7 goblins 2 grid bugs 5 lichens 3 kobold zombies 706 creatures vanquished. Voluntary challenges: You did not cause conflict. You did not have reflection. You were not displaced. You had been an atheist until turn 2915. You used a wielded weapon 1318 times, starting on turn 3. You did not use plumbed fixtures. You read items or engraved 7 times, starting on turn 1614. You never genocided any monsters. You never polymorphed an object. You never changed form. You cheated 1 time but completed Sokoban on turn 8457. You used no wishes. You split 1 pudding, starting on turn 14610. You never wrote Elbereth's name. You never violated your personal moral code. Dungeon overview: The Dungeons of Doom: levels 1 to 20 Level 1 a sink a long staircase Level 2 (water + vault) a fountain stairs to The Gnomish Mines Level 3 some fountains Level 4 (water) a sink Level 5 some fountains Level 6 (leprechaun) a potion shop, a sink Level 7 Level 8 a fountain Level 9 many fountains Level 10 (yeenoghu) an altar to Set stairs to Sokoban Level 11 a fountain Level 12 (water) a jewelry store Level 13 a fountain Level 14 a temple to Mitra Level 15 (big room) Level 16 (quest) portal to The Quest Level 17 Level 18 (rogue) Level 19 an altar to Set, some fountains Level 20 The Gnomish Mines: levels 3 to 11 Level 3 stairs to The Dungeons of Doom Level 4 Level 5 Level 6 many shops, a temple to Crom, a magic chest, some trees Level 7 Level 8 Level 9 Level 10 Level 11 many altars to Moloch, a magic chest, some fountains The Quest: levels 1 to 3 Level 1 a magic chest portal to The Dungeons of Doom Level 2 Level 3 <- You were here a tree Sokoban: levels 6 to 9 Level 6 a magic chest Level 7 Level 8 a fountain Level 9 an altar to Crom, a magic chest stairs to The Dungeons of Doom History has recorded: On T:1 you entered the Dungeons of Doom to retrieve the Amulet of Yendor! On T:32 you reached level 2 of The Dungeons of Doom. On T:509 you advanced to experience level 2. On T:549 you reached level 3 of The Dungeons of Doom. On T:741 you advanced to experience level 3. On T:1046 you reached level 4 of The Dungeons of Doom. On T:1278 you reached level 5 of The Dungeons of Doom. On T:1354 you reached level 6 of The Dungeons of Doom. On T:1632 you advanced to experience level 4. On T:1901 you advanced to experience level 5. On T:2511 you reached level 7 of The Dungeons of Doom. On T:2809 you reached level 8 of The Dungeons of Doom. On T:2812 you advanced to experience level 6. On T:2915 you prayed to Set. On T:3287 you advanced to experience level 7. On T:3350 you reached level 9 of The Dungeons of Doom. On T:3805 you reached level 10 of The Dungeons of Doom. On T:3811 you advanced to experience level 8. On T:4015 you prayed to Set. On T:4207 you reached level 11 of The Dungeons of Doom. On T:4271 you reached level 4 of Sokoban. On T:5352 you opened a magic chest. On T:5924 you reached level 2 of The Gnomish Mines. On T:5987 you reached level 3 of The Gnomish Mines. On T:6450 you advanced to experience level 9. On T:6976 you reached level 3 of Sokoban. On T:7354 you reached level 2 of Sokoban. On T:7387 you prayed to Set. On T:7655 you reached level 1 of Sokoban. On T:8457 you entered the Sokoban zoo. On T:8906 you reached level 4 of The Gnomish Mines. On T:9251 you reached level 5 of The Gnomish Mines. On T:9527 you entered the Minetown temple On T:9768 you advanced to experience level 10. On T:10085 you reached level 6 of The Gnomish Mines. On T:10329 you reached level 7 of The Gnomish Mines. On T:10754 you reached level 8 of The Gnomish Mines. On T:11410 you reached level 9 of The Gnomish Mines. On T:11410 you reached the bottom of the Mines. On T:12855 you reached level 12 of The Dungeons of Doom. On T:12973 you reached level 13 of The Dungeons of Doom. On T:13262 you reached level 14 of The Dungeons of Doom. On T:13310 you advanced to experience level 11. On T:13515 you reached level 15 of The Dungeons of Doom. On T:14092 you reached level 16 of The Dungeons of Doom. On T:14107 you reached level 17 of The Dungeons of Doom. On T:14187 you prayed to Set. On T:14467 you reached level 1 of The Quest. On T:14592 you prayed to Set. On T:14900 you prayed to Set. On T:15298 you prayed to Set. On T:15814 you reached level 18 of The Dungeons of Doom. On T:15814 you entered the Rogue tribute level. On T:16075 you reached level 19 of The Dungeons of Doom. On T:16173 you reached level 20 of The Dungeons of Doom. On T:16331 you advanced to experience level 12. On T:16408 you prayed to Set. On T:17671 you advanced to experience level 13. On T:17671 you advanced to experience level 14. On T:17673 you embarked upon an epic quest. On T:17712 you reached level 2 of The Quest. On T:17866 you reached level 3 of The Quest. On T:18065 you advanced to experience level 14. Score breakdown: Gold: 313 ( 31 points) Experience: 14 levels ( 1300 points) Exploration: 20 levels ( 570 points) Discoveries: 43 items ( 2000 points) Variety of kills: 162 monsters ( 2000 points) Major goal: Sokoban/Mines ( 1500 points) Survival: died (score multiplied by 6) Total score: 44406 Latest messages: The rock troll swings his glaive at you. The rock troll just misses! The rock troll claws you! The rock troll bites! You swing your battle-axe in a tremendous arc. You smite the ogre! You kill the rock troll! You swing your battle-axe in a tremendous arc. You smite the ogre! The troll picks up a glaive. You swing your battle-axe in a tremendous arc. You smite the troll! You swing your battle-axe in a tremendous arc. You smite the troll! The troll claws you! The troll misses. (2x) The ogre picks up a lucern hammer. You swing your battle-axe in a tremendous arc. You kill the troll! The rock troll picks up a glaive. You swing your battle-axe in a tremendous arc. You smite the rock troll! You swing your battle-axe in a tremendous arc. You smite the rock troll! The rock troll claws you! (2x) The rock troll bites! You die... Final status: Goodbye woodfighter the Barbarian, killed by a rock troll... You died in The Quest on dungeon level 3 with 44406 points, and 313 pieces of gold, after 18226 moves. You were level 14 with a maximum of 132 hit points when you died.